 Dungeon Crawl Stone Soup version 0.30-a0-570-g486de37d69 (webtiles) character file.

Game seed: 6340812545947705752

17 Masnef the Shooter (level 2, 0/23 HPs)
             Began as a Barachi Hunter on Dec 29, 2022.
             Succumbed to a goblin's poison
             ... on level 2 of the Dungeon.
             The game lasted 00:02:06 (770 turns).

Masnef the Shooter (Barachi Hunter)                  Turns: 770, Time: 00:02:06

Health: 0/23       AC:  3    Str: 12    XL:     2   Next: 62%
Magic:  2/2        EV: 12    Int:  9    God:
Gold:   63         SH:  0    Dex: 15    Spells: 1/1 levels left

rFire   . . .      SeeInvis .    e - +0 sling (heavy)
rCold   . . .      Faith    .    (no shield)
rNeg    . . .      Spirit   .    c - +0 leather armour
rPois   .          Reflect  .    (no helmet)
rElec   .          Harm     .    (no cloak)
rCorr   .          Rampage  .    (no gloves)
Will    .....                    (no boots)
Stlth   +                        (no amulet)
HPRegen 0.23/turn                (no ring)
MPRegen 0.08/turn                (no ring)

@: brilliant, lethally poisoned (0 -> -15), slow
A: amphibious, slowness 1, strong legs 1, +LOS
a: Hop


You were on level 2 of the Dungeon.
You visited 1 branch of the dungeon, and saw 2 of its levels.

You collected 63 gold pieces.

Inventory:

Hand Weapons
 a - a +0 shortbow
 e - a +0 heavy sling (weapon)
Armour
 c - a +0 leather armour (worn)
Scrolls
 b - a scroll of immolation
 f - 3 scrolls of identify {unknown}
 i - a scroll of noise {unknown}
Potions
 d - a potion of mutation {unknown}
 g - a potion of invisibility {unknown}
 h - a potion of brilliance


   Skills:
 - Level 2.4 Fighting
 + Level 4.7 Ranged Weapons
 - Level 2.1 Dodging
 - Level 0.8 Stealth


You had one spell level left.
You didn't know any spells.
Your spell library was empty.

Dungeon Overview and Level Annotations

Branches:
Dungeon (2/15)

Altars:

Annotations:
D:2 Robin


Innate Abilities, Weirdness & Mutations

You are amphibious.
You cover ground slowly.
You can hop short distances.
You have an extended range of vision and can be seen from far away.


Message History

The goblin shouts!
A goblin is nearby!
You shoot a sling bullet.
The sling bullet barely misses the goblin.
You shoot a sling bullet.
The sling bullet barely misses the goblin.
You shoot a sling bullet.
The sling bullet barely misses the goblin.
You shoot a sling bullet.
The sling bullet closely misses the goblin.
The goblin barely misses you.
You shoot a sling bullet.
The sling bullet closely misses the goblin.
A hobgoblin comes into view.
The goblin hits you with a +0 dagger.
You shoot a sling bullet.
The sling bullet closely misses the goblin.
The hobgoblin shouts!
You hear a shout!
The goblin hits you with a +0 dagger. The goblin hits you but does no damage.
You are poisoned.
The goblin hits you with a +1 dagger of venom.
You are more poisoned.
The goblin hits you with a +0 dagger.
You shoot a sling bullet. The sling bullet hits the goblin.
The goblin is heavily wounded.
You feel very sick. The goblin closely misses you.
The goblin barely misses you.
A hobgoblin comes into view.
The goblin misses you.
Robin of the Strong Arm comes into view.
They are wielding a +0 club.
The goblin closely misses you.
The hobgoblin moves out of view.
The goblin attacks as you move away!
The goblin hits you with a +1 dagger of venom.
You are more poisoned.
* * * LOW HITPOINT WARNING * * *
You feel very sick. The hobgoblin closely misses you.
It was a potion of brilliance.
You feel clever all of a sudden.
You die...

........ #.# #
#........ #.# #.
........ ##.##
#.###........
#...#
#...<........ ...
###.##.#...## )..
#.##.# # #.#
##.##.###### #.#
#.@.#.##...####<#
#gg.†.........w.#
#.g.####...######
....#.## ##)##
###.#g# #.# #$#.#
###.# #.#.# #
...########
.$#.###.#))[......
###.g.g..))...#


You could see Robin (wandering), 2 hobgoblins and 2 goblins.

Vanquished Creatures
  2 ball pythons (D:1)
  3 bats (D:1)
  7 goblins
  A hobgoblin (D:1)
  4 rats
17 creatures vanquished.

Notes
Turn   | Place    | Note
-------+----------+-------------------------------------------
     0 | D:1      | Masnef the Barachi Hunter began the quest for the Orb.
     0 | D:1      | Reached XP level 1. HP: 17/17 MP: 1/1
   155 | D:1      | Reached XP level 2. HP: 20/23 MP: 2/2
   521 | D:1      | HP: 1/23 [goblin/+1 dagger of speed[Robin] (4)]
   768 | D:2      | Noticed Robin
   770 | D:2      | Succumbed to a goblin's poison

Illustrated notes

Levels and vault maps discovered:
D:1:      ebering_hopf_link, layout_rooms, minivault_27, minmay_tetromino_o2
D:2:      layout_loops_ring, uniq_robin

Action                   || total
-------------------------++-------
 Fire: Sling             ||    45
       Shortbow          ||     5
  Use: Potion            ||     1
Armor: Leather armour    ||     5
Dodge: Dodged            ||    18

Table legend: (Time is in decaauts)
 A = Elapsed time spent in this place.
 B = Non-inter-level travel time spent in this place.
 C = Inter-level travel time spent in this place.
 D = Time resting spent in this place.
 E = Time spent auto-exploring this place.
 F = Levels seen in this place.
 G = Mean time per level.
                   A        B        C        D        E       F      G
               +--------+--------+--------+--------+--------+-----+--------+
         Total |    916 |    788 |    128 |    123 |    513 |   2 |  458.0 |
       Dungeon |    916 |    788 |    128 |    123 |    513 |   2 |  458.0 |
               +--------+--------+--------+--------+--------+-----+--------+

Top non-repeatable levels by time:
     D:1: 821 daAuts
     D:2: 95 daAuts
